 Dungeon Crawl Stone Soup version 0.17.0-24-gcfadda4 (webtiles) character file.

226 M4edhros the Charlatan (level 6, 0/38 HPs)
             Began as an Octopode Artificer on Nov 17, 2015.
             Slain by an adder (4 damage)
             ... in a sewer.
             The game lasted 00:04:50 (2490 turns).

M4edhros the Charlatan (Octopode Artificer)         Turns: 2490, Time: 00:04:50

Health: 0/38       AC:  6    Str: 10    XL:     6   Next: 1%
Magic:  10/10      EV: 12    Int: 15    God:
Gold:   85         SH:  0    Dex: 14    Spells: 0 memorised, 5 levels left

rFire  . . .     SeeInvis .     n - +1 mace (protect)
rCold  . . .     Clarity  .     (no shield)
rNeg   . . .     SustAt   .     (helmet restricted)
rPois  .         Gourm    .     p - amulet of inaccuracy (curse)
rElec  .         Spirit   .     (no ring)
rCorr  .         Warding  .     (no ring)
rMut   .         Stasis   .     (no ring)
MR     .....                    (no ring)
Stlth  +++++.....               (no ring)
                                (no ring)
                                (no ring)
                                (no ring)

@: invisible, not resistant to hostile enchantments, quite stealthy
A: almost no armour, amphibious, 8 rings, constrict 8, camouflage 1, gelatinous
body 1
a: no special abilities


You were in a sewer.
You were not hungry.

You visited 1 branch of the dungeon, and saw 3 of its levels.
You also visited: Sewer.

You collected 85 gold pieces.

Inventory:

Hand Weapons
 a - a +0 short sword
 n - a +1 mace of protection (weapon)
Missiles
 g - 38 sling bullets
 h - 50 stones (quivered)
Jewellery
 l - an uncursed ring of ice
 o - an uncursed amulet of the gourmand
 p - a cursed amulet of inaccuracy (around mantle)
Wands
 b - a wand of flame (8)
 c - a wand of enslavement (13)
 d - a wand of random effects (13)
Scrolls
 r - a scroll of immolation {unknown}
 s - 2 scrolls of magic mapping {unknown}
 t - a scroll of fog {unknown}
 u - a scroll of teleportation {unknown}
Potions
 j - a potion of haste {unknown}
 k - a potion of magic {unknown}
 m - a potion of might {unknown}
 q - a potion of curing
Comestibles
 e - 2 bread rations


   Skills:
 - Level 1.0 Fighting
 - Level 1.0 Short Blades
 - Level 2.0 Dodging
 + Level 5.5 Stealth
 + Level 5.7 Evocations


You had 5 spell levels left.
You didn't know any spells.

Dungeon Overview and Level Annotations

Branches:
Dungeon (3/15)

Altars:
Nemelex Xobeh
Qazlal
Yredelemnul
The Shining One


Innate Abilities, Weirdness & Mutations

You cannot wear most types of armour.
You are amphibious.
You can wear up to eight rings at the same time.
You can use your tentacles to constrict eight enemies at once.
Your skin changes colour to match your surroundings (Stealth).
Your rubbery body absorbs attacks (AC +1).


Message History

The giant frog barely misses you.
The giant frog croaks.
You hit the giant frog. You grab the giant frog.
The giant frog is lightly wounded.
You constrict the giant frog. The giant frog hits you.
The giant frog closely misses you.
The giant frog hits you but does no damage.
You hit the giant frog. You squeeze the giant frog.
The giant frog is heavily wounded.
You constrict the giant frog. The giant frog hits you.
The giant frog hits you but does no damage.
The adder bites you but does no damage. The giant frog hits you.
The giant frog hits you.
* * * LOW HITPOINT WARNING * * *
Drink which item? (? for menu, Esc to quit)
You fade into invisibility!
You constrict the giant frog. The giant frog hits you!
* * * LOW HITPOINT WARNING * * *
The giant frog barely misses you. The adder bites you.
You die...

....# ...##### ...##..#
....'..# ....####
.....#####################+#
.......≈≈≈≈≈≈≈≈≈≈≈≈≈≈≈≈....##
#......≈≈≈≈≈≈≈≈≈≈S≈≈≈≈≈.....#
#......≈≈≈≈≈≈≈≈≈@FS††≈≈.....#
##.....≈≈≈≈≈≈≈≈≈≈F≈≈≈≈≈.....#
##....≈≈≈≈≈≈≈≈≈≈≈≈≈≈≈≈.....#
###..≈≈≈≈≈≈≈≈≈≈≈≈≈≈≈≈....##
########################


You could see 2 giant frogs, an adder and a ball python.

Vanquished Creatures
  8 adders
  7 river rats
  A giant eyeball (Sewer)
  2 oozes (Sewer)
  A worm (D:3)
  A giant gecko (D:1)
  12 ball pythons
  3 bats
  A giant cockroach (D:3)
  A hobgoblin (D:1)
  8 jackals
  5 kobolds
  2 goblins
  23 rats
75 creatures vanquished.

Vanquished Creatures (collateral kills)
  An adder (Sewer)
  2 river rats (Sewer)
  A ball python (Sewer)
  2 rats (Sewer)
6 creatures vanquished.

Grand Total: 81 creatures vanquished

Notes
Turn   | Place    | Note
--------------------------------------------------------------
     0 | D:1      | M4edhros the Octopode Artificer began the quest for the Orb.
     0 | D:1      | Reached XP level 1. HP: 13/13 MP: 3/3
   263 | D:1      | Reached XP level 2. HP: 18/18 MP: 4/4
   818 | D:2      | Reached skill level 4 in Evocations
   818 | D:2      | Reached XP level 3. HP: 20/23 MP: 4/6
   826 | D:2      | Found a glowing golden altar of the Shining One.
   826 | D:2      | Found a stormy altar of Qazlal.
   827 | D:2      | Found a basalt altar of Yredelemnul.
   929 | D:2      | Found a sparkling altar of Nemelex Xobeh.
   984 | D:3      | Found a glowing drain.
  1000 | D:3      | Reached XP level 4. HP: 18/28 MP: 7/7
  1036 | Sewer    | Entered a sewer
  1290 | Sewer    | Reached skill level 5 in Evocations
  1290 | Sewer    | Reached XP level 5. HP: 10/33 MP: 8/8
  1610 | Sewer    | Reached skill level 5 in Stealth
  1662 | Sewer    | Paralysed by a giant eyeball for 3 turns
  2464 | Sewer    | Noticed a giant frog
  2464 | Sewer    | Noticed a giant frog
  2478 | Sewer    | Reached XP level 6. HP: 35/38 MP: 10/10
  2490 | Sewer    | Slain by an adder

Action                   |  1- 3 |  4- 6 || total
-------------------------+-------+-------++-------
Melee: Short sword       |    36 |       ||    36
       Mace              |    18 |   152 ||   170
Evoke: Wand              |       |    11 ||    11
  Use: Potion            |       |     3 ||     3
       Scroll            |       |     1 ||     1
 Stab: Sleeping          |     7 |     4 ||    11
  Eat: Chunk             |       |     3 ||     3
       Meat ration       |       |     1 ||     1
